 Dungeon Crawl Stone Soup version 0.26.1-2-gb8aa6d0cf2 (webtiles) character file.

Game seed: 16062247172617724761

128 Revguard the Slasher (level 4, -5/34 HPs)
             Began as a Demonspawn Gladiator on Mar 26, 2021.
             Slain by a gnoll
             ... wielding a +0 halberd
              (6 damage)
             ... on level 3 of the Dungeon.
             The game lasted 00:05:37 (2327 turns).

Revguard the Slasher (Demonspawn Gladiator)         Turns: 2327, Time: 00:05:39

Health: -5/34      AC:  4    Str: 14    XL:     4   Next: 86%
Magic:  4/4        EV: 13    Int: 10    God:
Gold:   100        SH:  0    Dex: 15    Spells: 3/3 levels left

rFire    . . .     SeeInvis .   a - +0 long sword
rCold    . . .     Faith    .   (no shield)
rNeg     . . .     Spirit   .   b - +1 leather armour
rPois    .         Reflect  .   (helmet restricted)
rElec    .         Harm     .   (no cloak)
rCorr    .         Rampage  .   (no gloves)
Will     .....                  (no boots)
Stlth    +.........             (no amulet)
HPRegen  0.11/turn              (no ring)
MPRegen  0.09/turn              (no ring)

@: no status effects
A: antennae 2, powered by death 1
a: no special abilities


You were on level 3 of the Dungeon.
You visited 1 branch of the dungeon, and saw 3 of its levels.

You collected 100 gold pieces.

Inventory:

Hand Weapons
 a - a +0 long sword (weapon)
Missiles
 c - 18 poisoned darts
 d - 3 throwing nets (quivered)
Armour
 b - a +1 leather armour (worn)
Scrolls
 e - 3 scrolls of remove curse
 f - a scroll of teleportation
 g - a scroll of amnesia
 i - 2 scrolls of identify
 k - a scroll of fog {unknown}
 m - a scroll of immolation {unknown}
Potions
 h - a potion of might
 l - a potion of heal wounds {unknown}


   Skills:
 + Level 2.6 Fighting
 + Level 3.9 Long Blades
 + Level 1.9 Throwing
 + Level 1.0 Armour
 + Level 3.4 Dodging
 + Level 0.6 Stealth


You had 3 spell levels left.
You didn't know any spells.
Your spell library was empty.

Dungeon Overview and Level Annotations

Branches:
Dungeon (3/15)

Altars:


Innate Abilities, Weirdness & Mutations

You have a pair of antennae on your head.
You regenerate a little health from kills.


Message History

The bat misses you. The goblin barely misses you. The bat closely misses you.
You riposte.
You miss the bat. The gnoll hits you but does no damage.
The goblin closely misses you.
A frilled lizard comes into view.
The bat barely misses you. The goblin hits you but does no damage.
The bat hits you but does no damage. The bat closely misses you.
The gnoll hits you with a +0 whip. The goblin barely misses you.
The gnoll hits you but does no damage. The bat barely misses you.
You riposte.
You closely miss the bat. The gnoll closely misses you.
The goblin hits you with a +0 dagger. The gnoll closely misses you.
The gnoll hits you from afar with a +0 halberd!
The bat closely misses you.
You riposte.
You hit the bat.
The bat is heavily wounded.
The gnoll closely misses you. The gnoll hits you with a +0 whip.
* * * LOW HITPOINT WARNING * * *
The goblin hits you but does no damage. The gnoll hits you with a +0 club!
* * * LOW HITPOINT WARNING * * *
The gnoll hits you from afar with a +0 halberd.
You die...

># #. ..#
#.# .. . #
... ... .
#.### ..
#.# #
.....##.##
#..#..b#
#....♣.##
#g@g.#
##gg.#
#l.g.#
##......
.>.♣.>.
.......
...#...
..###.


You could see 4 gnolls, a goblin, a bat and a frilled lizard.

Vanquished Creatures
  A hound skeleton (D:3)
  4 adders
  2 oozes
  2 worms
  2 dart slugs
  4 leopard geckos
  An orc (D:3)
  4 bats
  2 giant cockroaches (D:1)
  5 goblins
  6 hobgoblins
  9 jackals
  3 kobolds (D:1)
  A quokka (D:3)
  5 frilled lizards
  3 rats
54 creatures vanquished.

Vanquished Creatures (others)
  A plant (D:2)
1 creature vanquished.

Grand Total: 55 creatures vanquished

Notes
Turn   | Place    | Note
-------+----------+-------------------------------------------
     0 | D:1      | Revguard the Demonspawn Gladiator began the quest for the
                  | Orb.
     0 | D:1      | Reached XP level 1. HP: 16/16 MP: 1/1
    29 | D:1      | Gained mutation: You regenerate a little health from kills.
                  | [demonic ancestry]
    29 | D:1      | Reached XP level 2. HP: 10/22 MP: 2/2
   497 | D:1      | Gained mutation: You have a pair of small antennae on your
                  | head. [demonic ancestry]
   497 | D:1      | Reached XP level 3. HP: 27/27 MP: 3/3
  1202 | D:2      | Gained mutation: You have a pair of antennae on your head.
                  | [demonic ancestry]
  1202 | D:2      | Reached XP level 4. HP: 18/34 MP: 4/4
  1223 | D:2      | HP: 1/34 [worm (11)]
  2194 | D:3      | Reached skill level 1 in Armour
  2327 | D:3      | HP: 1/34 [gnoll/+0 club (9)]
  2327 | D:3      | Slain by a gnoll

Illustrated notes

Levels and vault maps discovered:
D:1:      dpeg_arrival_arbitrary_a, layout_loops_cross, minivault_27
D:2:      layout_rooms, serial_bayou_pond_d
D:3:      layout_loops_cross, grunt_ministairs_13, minmay_unequal

Skill      XL: |  1  2  3  4 |
---------------+-------------+-----
Long Blades    | 3 |  3.9
Dodging        | 3 |  3.4
Armour         | 1 |  1.0
Fighting       | |  2.6
Throwing       | |  1.9
Stealth        | |  0.6

Action                   |  1- 3 |  4- 6 || total
-------------------------+-------+-------++-------
Melee: Long sword        |    77 |    65 ||   142
  Use: Scroll            |     1 |     4 ||     5
       Potion            |       |     3 ||     3
 Stab: Sleeping          |     2 |       ||     2
Armor: Leather armour    |    19 |    16 ||    35
       Skin              |       |     3 ||     3
Dodge: Dodged            |    78 |    73 ||   151
       Rpst.: Long sword |    26 |    24 ||    50
